 Dungeon Crawl Stone Soup version 0.24.0-2-g5b39cebb1c (webtiles) character file.

Game seed: 2097142767642878975, levelgen mode: deterministic

36 Esekla the Chucker (level 3, -4/18 HPs)
             Began as a Vine Stalker Hunter on Oct 30, 2019.
             Slain by Crazy Yiuf
             ... wielding a +3 quarterstaff of chaos
              (7 damage)
             ... on level 2 of the Dungeon.
             The game lasted 00:05:28 (725 turns).

Esekla the Chucker (Vine Stalker Hunter)             Turns: 725, Time: 00:05:29

Health: -4/18      AC:  4    Str: 15    XL:     3   Next: 37%
Magic:  0/4        EV: 12    Int: 11    God:
Gold:   49         SH:  0    Dex: 14    Spells: 2/2 levels left

rFire    . . .     SeeInvis .   a - +0 short sword
rCold    . . .     Gourm    .   (no shield)
rNeg     . . .     Faith    .   b - +0 leather armour
rPois    .         Spirit   +   (no helmet)
rElec    .         Reflect  .   i - +0 cloak
rCorr    .         Harm     .   (no gloves)
MR       .....                  (no boots)
Stlth    ++........             (no amulet)
HPRegen  0.06/turn              (no ring)
MPRegen  0.09/turn              (no ring)

@: hasted, very quick
A: fangs 2, magic shield, antimagic bite, no potion heal 3, rot immunity
a: no special abilities


You were on level 2 of the Dungeon.
You were not hungry.

You visited 1 branch of the dungeon, and saw 2 of its levels.

You collected 49 gold pieces.

Inventory:

Hand Weapons
 a - a +0 short sword (weapon)
Missiles
 c - 6 javelins (quivered)
 d - 2 throwing nets
Armour
 b - a +0 leather armour (worn)
 i - a +0 cloak (worn)
Jewellery
 o - a cursed -2 ring of evasion {unknown}
Scrolls
 e - 3 scrolls of identify {unknown}
 g - 2 scrolls of enchant armour {unknown}
 k - a scroll of teleportation {unknown}
 m - 3 scrolls of magic mapping {unknown}
 n - a scroll of random uselessness {unknown}
Potions
 h - a potion of mutation {unknown}
 j - a potion of lignification {unknown}
 l - a potion of agility {unknown}
Comestibles
 f - 6 rations


   Skills:
 + Level 1.9 Fighting
 * Level 1.9 Short Blades
 - Level 3.6 Throwing
 + Level 0.8 Armour
 + Level 1.8 Dodging
 + Level 1.2 Stealth


You had 2 spell levels left.
You didn't know any spells.
Your spell library was empty.

Dungeon Overview and Level Annotations

Branches:
Dungeon (2/15)

Altars:
Ashenzari
Ru
Yredelemnul

Annotations:
D:2 Crazy Yiuf


Innate Abilities, Weirdness & Mutations

You have extremely sharp teeth.
When hurt, damage is shared between your health and your magic reserves.
Your bite disrupts and absorbs the magic of your enemies.
Potions cannot restore your health.
You are immune to rotting.


Message History

Crazy Yiuf closely misses you.
You hit Crazy Yiuf.
Crazy Yiuf is heavily wounded.
Crazy Yiuf barely misses you.
You hit Crazy Yiuf but do no damage. You bite Crazy Yiuf, but do no damage.
Crazy Yiuf is heavily wounded.
You closely miss Crazy Yiuf. You bite Crazy Yiuf, but do no damage.
Crazy Yiuf is heavily wounded.
Crazy Yiuf closely misses you.
You barely miss Crazy Yiuf. You bite Crazy Yiuf. You drain his power.
Crazy Yiuf is heavily wounded.
You hit Crazy Yiuf. You bite Crazy Yiuf, but do no damage.
Crazy Yiuf is severely wounded.
Crazy Yiuf hits you with a +3 quarterstaff of chaos!
* * * LOW HITPOINT WARNING * * *
Crazy Yiuf draws strength from your wounds!
You completely miss Crazy Yiuf.
Crazy Yiuf is moderately wounded.
Crazy Yiuf hits you with a +3 quarterstaff of chaos!
You die...

♣♣♣♣♣###
#####♣♣♣.♣..#.##
### ##
#...#♣..♣......##
####.#####.#
#.g@'.♣♣♣♣......#
......##[..#
#)..#♣♣ ♣♣.#...#
.###.###...#
##### ♣♣##..# .#
#.###...# #.## .#
#.......# #.# .#
#####.######
##########.#
.#######......#
#..........#
.......######.#
#####.######
...###.# ##'##
#.##...##


You could see Crazy Yiuf.

Vanquished Creatures
  A dart slug (D:1)
  An orc (D:2)
  A giant cockroach (D:1)
  4 goblins
  4 hobgoblins (D:1)
  4 kobolds (D:1)
  8 bats
  2 frilled lizards (D:1)
  7 rats (D:1)
32 creatures vanquished.

Notes
Turn   | Place    | Note
-------+----------+-------------------------------------------
     0 | D:1      | Esekla the Vine Stalker Hunter began the quest for the Orb.
     0 | D:1      | Reached XP level 1. HP: 11/11 MP: 2/2
    51 | D:1      | Reached XP level 2. HP: 7/15 MP: 3/3
    97 | D:1      | Reached skill level 1 in Short Blades
   312 | D:1      | Reached XP level 3. HP: 11/18 MP: 4/4
   514 | D:2      | Found a sacrificial altar of Ru.
   514 | D:2      | Found a basalt altar of Yredelemnul.
   519 | D:2      | Found a shattered altar of Ashenzari.
   708 | D:2      | Found a runed translucent door.
   709 | D:2      | Noticed Crazy Yiuf
   725 | D:2      | Slain by Crazy Yiuf

Levels and vault maps discovered:
D:1:      wander_arrival_lonely_grave, layout_basic, minmay_tetromino_o4
D:2:      kennysheep_the_goblin_king, layout_loops_corners,
          grunt_temple_overflow_open, uniq_natasha, uniq_jessica,
          uniq_crazy_yiuf_cottage

Skill      XL: |  1  2 |
---------------+-------+-----
Short Blades   | 1 |  1.9
Fighting       | |  1.9
Throwing       | |  3.6
Armour         | |  0.8
Dodging        | |  1.8
Stealth        | |  1.2

Action                   || total
-------------------------++-------
Melee: Short sword       ||   110
       Bite              ||    31
Armor: Leather armour    ||    44
Dodge: Dodged            ||    95
